Map: Orbital Shipyard

Players

fOru - Winner!

  • Race: Terran Terran
  • League: Diamond

ReacH

  • Race: Protoss Protoss
  • League: Platinum

VOD

Have the link to the VOD?

Description

Time

  • Played on: Feb. 24, 2016, 2:26 p.m.
  • Length: 13:10
Show
View Real Time Build Order
Export as new Build Order

fOru Terran - Winner!

Build Orders: Reaper Expand, MMM Bio 

Get SALT Encoding   

  12  0:01  SCV  
  13  0:13  SCV  
  14  0:19  Supply Depot  
  14  0:25  SCV  
  15  0:40  SCV  
  15  0:42  Barracks  
  16  0:46  Refinery  
  16  0:52  SCV  
  17  1:04  SCV  
  18  1:16  SCV  
  19  1:32  Orbital Command  
  19  1:33  Reaper  
  20  1:40  Supply Depot  
  20  1:49  Command Center  
  20  1:58  SCV  
  21  2:09  Factory  
  21  2:10  SCV  
  22  2:22  SCV  
  23  2:23  Refinery  
  23  2:27  Barracks Reactor  
  23  2:34  SCV  
  24  2:46  SCV  
  25  2:58  Starport, SCV  
  25  3:01  Barracks  
  25  3:02  Orbital Command  
  26  3:05  Marine x2  
  26  3:09  Widow Mine  
  26  3:10  SCV  
  31  3:22  SCV  
  31  3:23  Marine x2  
  34  3:28  SCV  
  35  3:34  SCV  
  35  3:36  Engineering Bay  
  35  3:37  Medivac  
  35  3:38  Widow Mine  
  35  3:40  SCV  
  35  3:41  Marine x2  
  41  3:47  SCV  
  44  3:50  Barracks Tech Lab  
  44  3:52  Supply Depot, SCV  
  45  3:57  Barracks  
  45  4:00  Marine  
  46  4:13  Marine, SCV x2  
  48  4:25  SCV x2  
  48  4:26  Terran Infantry Weapons Level 1  
  50  4:31  Supply Depot  
  50  4:37  Command Center, SCV x2  
  52  4:40  Factory Reactor, Stimpack  
  52  4:47  Starport Reactor  
  52  4:49  Barracks Tech Lab  
  52  4:50  SCV  
  53  4:54  Supply Depot  
  53  4:55  Barracks  
  53  5:13  SCV x2  
  55  5:22  Refinery, Combat Shields  
  55  5:23  Refinery  
  55  5:24  Marine x2  
  55  5:25  Marauder x2, SCV x2  
  55  5:27  Medivac  
  63  5:36  Supply Depot  
  63  5:37  Supply Depot x2, SCV x2  
  63  5:39  Supply Depot  
  63  5:42  Marine  
  66  5:49  SCV x2  
  68  5:57  Marine  
  68  5:58  Marauder x2  
  68  5:59  Medivac x2  
  68  6:00  Marine  
  78  6:07  Orbital Command  
  78  6:15  Marine  
  78  6:18  Marine  
  80  6:19  Marine x2  
  80  6:20  Terran Infantry Armor Level 1  
  80  6:22  Barracks  
  80  6:24  Marine x2  
  80  6:25  Orbital Command  
  84  6:31  SCV  
  84  6:32  SCV  
  86  6:33  Marine  
  86  6:35  Marine  
  86  6:37  Marine  
  86  6:39  Marauder  
  91  6:42  Marine  
  91  6:43  Medivac x2  
  91  6:44  SCV x2  
  98  6:52  SCV  
  99  6:54  Factory Reactor  
  99  6:55  Marauder  
  99  6:56  SCV x2  
  99  7:00  Supply Depot  
  99  7:01  Supply Depot  
  103  7:04  SCV  
  103  7:05  Supply Depot  
  103  7:08  Supply Depot, SCV x2  
  106  7:10  Marauder, Marine x3  
  106  7:11  Barracks Tech Lab  
  106  7:13  Concussive Shells  
  106  7:14  Medivac  
  106  7:15  Medivac  
  115  7:16  Marauder  
  115  7:21  Marine  
  115  7:22  SCV  
  119  7:28  Marine, SCV x2  
  122  7:31  Supply Depot  
  122  7:32  Marauder  
  122  7:34  SCV  
  123  7:38  Marauder  
  123  7:40  SCV  
  119  7:45  Marine x3  
  119  7:46  Marauder, Marine  
  125  7:52  Ghost Academy  
  125  7:53  Marauder  
  127  7:59  Marauder  
  127  8:04  Marine x2  
  123  8:07  Marauder  
  123  8:08  Medivac x2  
  123  8:09  Command Center  
  123  8:10  Widow Mine x2  
  133  8:14  Marauder  
  133  8:15  Refinery  
  133  8:16  Refinery  
  133  8:17  Barracks  
  133  8:18  Barracks  
  133  8:20  Barracks, SCV x3  
  133  8:21  Marauder  
  138  8:32  SCV x3  
  141  8:34  Marauder, Marine x3  
  141  8:36  Marauder  
  141  8:38  Widow Mine  
  141  8:39  Widow Mine  
  152  8:41  Supply Depot  
  152  8:42  Marauder, Supply Depot  
  152  8:44  Personal Cloaking, Supply Depot, SCV x2  
  152  8:45  Supply Depot, Liberator  
  152  8:47  Supply Depot  
  156  8:54  Starport  
  156  9:02  Ghost  
  156  9:07  Widow Mine  
  156  9:08  Liberator  
  163  9:17  Barracks Tech Lab x2  
  163  9:19  Barracks Reactor  
  163  9:21  Widow Mine  
  165  9:26  Sensor Tower  
  168  9:32  Marine x7  
  168  9:35  Widow Mine  
  177  9:44  Marine  
  177  9:45  Marauder  
  180  9:50  Marine x4  
  180  9:51  Marauder x2  
  188  9:59  Ghost  
  188  10:00  Refinery  
  188  10:01  Missile Turret  
  188  10:02  Ghost, Missile Turret  
  188  10:03  Missile Turret  
  188  10:04  Refinery, Missile Turret  
  188  10:05  Ghost  
  188  10:06  Armory  
  194  10:07  Missile Turret  
  194  10:09  Engineering Bay  
  192  10:32  Liberator  
  185  10:44  Ghost  
  185  10:45  Marine, Ghost x2  
  185  10:46  Marine x4  
  198  10:50  Starport Tech Lab  
  198  10:57  Planetary Fortress  
  198  11:19  Fusion Core  
  198  11:25  Command Center  
  198  11:35  Command Center  
  174  12:09  Marauder, Marine x5  
  174  12:10  Marauder x4, Marine  
  186  12:26  Marine  
  186  12:27  Medivac x3, Marine x4  
  197  12:36  Marauder  
  197  12:37  Marauder x2, Marine  
  197  12:40  Marauder x2  
Show
View Real Time Build Order
Export as new Build Order

ReacH Protoss 

Build Orders: 1 Gate Expand, Double Forge 

Get SALT Encoding   

  12  0:01  Probe (Chrono Boost)  
  13  0:12  Probe (Chrono Boost)  
  14  0:22  Probe (Chrono Boost)  
  14  0:23  Pylon  
  15  0:41  Gateway, Probe (Chrono Boost)  
  16  0:50  Assimilator  
  16  0:52  Probe (Chrono Boost)  
  17  1:02  Probe (Chrono Boost)  
  18  1:13  Probe (Chrono Boost)  
  19  1:23  Probe (Chrono Boost)  
  20  1:32  Nexus  
  20  1:34  Cybernetics Core  
  20  1:42  Probe (Chrono Boost), Assimilator  
  21  1:52  Probe (Chrono Boost)  
  21  1:53  Pylon  
  22  2:03  Probe (Chrono Boost)  
  23  2:11  Stalker (Chrono Boost), Warp Gate  
  23  2:15  Probe  
  26  2:27  Probe  
  26  2:29  Pylon  
  26  2:39  Probe  
  26  2:49  Stalker (Chrono Boost)  
  30  2:51  Mothership Core  
  30  2:52  Probe  
  31  3:03  Probe  
  33  3:12  Probe  
  33  3:13  Forge  
  33  3:14  Probe  
  33  3:15  Forge  
  34  3:24  Probe  
  34  3:25  Probe  
  36  3:30  Twilight Council  
  36  3:37  Probe (Chrono Boost)  
  36  3:40  Probe (Chrono Boost)  
  38  3:45  Robotics Facility  
  38  3:48  Probe (Chrono Boost)  
  39  3:49  Protoss Ground Armor Level 1 (Chrono Boost)  
  39  3:51  Probe  
  39  3:53  Protoss Ground Weapons Level 1 (Chrono Boost)  
  40  4:02  Probe  
  41  4:07  Assimilator  
  41  4:08  Assimilator  
  41  4:09  Probe, Pylon  
  42  4:19  Probe  
  42  4:21  Probe  
  43  4:28  Pylon  
  43  4:31  Probe  
  43  4:33  Observer (Chrono Boost), Probe  
  46  4:41  Gateway  
  46  4:43  Probe  
  47  4:47  Stalker  
  47  4:50  Probe  
  47  4:52  Gateway  
  50  4:57  Observer (Chrono Boost)  
  50  4:59  Probe  
  52  5:02  Probe  
  52  5:03  Templar Archives  
  46  5:11  Probe  
  46  5:14  Probe  
  48  5:18  Immortal (Chrono Boost)  
  52  5:21  Sentry  
  52  5:23  Probe  
  52  5:26  Probe  
  56  5:35  Probe  
  56  5:38  Probe  
  56  5:42  Adept  
  60  5:46  Pylon  
  60  5:47  Pylon  
  60  5:48  Probe  
  61  5:50  Probe  
  58  6:00  Probe  
  58  6:02  Probe  
  60  6:04  Nexus, Protoss Ground Weapons Level 2 (Chrono Boost)  
  60  6:12  Probe  
  60  6:14  Probe  
  60  6:15  Protoss Ground Armor Level 2 (Chrono Boost)  
  62  6:24  Probe  
  63  6:26  Probe  
  63  6:31  High Templar x3  
  70  6:35  Psionic Storm  
  70  6:36  Probe  
  70  6:38  Probe  
  72  6:49  Probe  
  73  7:02  Photon Cannon  
  73  7:04  Adept x3  
  73  7:06  Probe x2  
  81  7:10  Immortal  
  85  7:21  Probe x2  
  87  7:25  Adept x3, Probe  
  92  7:33  Probe, Pylon  
  92  7:34  Probe  
  82  7:47  Adept  
  82  7:48  Adept x2  
  82  7:49  Probe x2  
  88  7:53  Immortal  
  92  8:04  Probe  
  84  8:06  Probe  
  84  8:10  Zealot  
  84  8:11  Probe  
  87  8:16  Probe  
  87  8:17  Assimilator x2  
  87  8:18  Probe  
  87  8:19  Stargate  
  90  8:21  Probe  
  91  8:27  Photon Cannon  
  91  8:28  Probe  
  91  8:29  Photon Cannon  
  91  8:31  Probe, High Templar x3  
  91  8:32  Probe  
  100  8:34  Archon  
  100  8:37  Archon  
  100  8:40  Probe  
  101  8:43  Probe  
  102  8:49  Gateway x2  
  102  8:50  Gateway  
  102  8:52  Pylon  
  106  8:55  Immortal  
  106  9:08  Fleet Beacon  
  106  9:14  Stargate  
  106  9:16  Pylon  
  106  9:22  High Templar  
  106  9:23  Stalker  
  106  9:24  Stalker  
  112  9:30  Protoss Ground Armor Level 3 (Chrono Boost)  
  112  9:33  Pylon  
  112  9:41  Charge (Chrono Boost)  
  112  9:45  Gateway  
  112  9:47  Zealot x2, Gateway  
  112  9:49  Gateway  
  116  9:59  Zealot x3  
  122  10:00  Zealot  
  124  10:11  Zealot x2  
  124  10:13  Protoss Ground Weapons Level 3 (Chrono Boost)  
  128  10:22  Zealot x2  
  128  10:26  Pylon  
  128  10:27  Pylon  
  132  10:29  Pylon  
  132  10:30  Pylon  
  132  10:31  Archon  
  126  10:44  High Templar x2  
  126  10:47  Zealot  
  126  10:48  Zealot x3  
  138  10:54  Pylon  
  138  10:59  Photon Cannon, Tempest x2 (Chrono Boost)  
  150  11:13  High Templar  
  152  11:22  Warp Prism  
  150  11:26  Zealot  
  152  11:39  Nexus  
  142  11:51  Pylon  
  142  11:53  High Templar x3  
  148  11:54  Zealot x5  
  148  11:55  Zealot, Pylon  
  148  11:58  Observer  
  115  12:15  Zealot x6  
  107  12:19  Immortal  
  115  12:26  Zealot x2  
  115  12:27  Zealot  
  109  12:41  Zealot x6  
  115  12:50  Archon, High Templar  
  115  12:51  High Templar x2  
  121  12:57  Archon  
  117  13:05  Zealot x5  
  121  13:06  Zealot  
Tags
 
Add a new tag
Caveats
  • Supply blocks, unpowered buildings, or Contaminate may cause inaccurate times.
  • Supply counts are checked every 10 seconds.